 Dungeon Crawl Stone Soup version 0.21.1-1-g345015f (webtiles) character file.

65 tester123 the Ducker (level 3, 0/17 HPs)
             Began as a Felid Fighter on July 25, 2018.
             Slain by a gnoll (3 damage)
             ... on level 2 of the Dungeon.
             The game lasted 00:08:28 (885 turns).

tester123 the Ducker (Felid Fighter)                 Turns: 885, Time: 00:08:28

Health: 0/17       AC:  1    Str: 12    XL:     3   Next: 94%
Magic:  4/4        EV: 20    Int:  9    God:
Gold:   84         SH:  0    Dex: 16    Spells: 2/2 levels left
                                        Lives:  0   Deaths: 0

rFire    . . .     SeeInvis +     - Unarmed
rCold    . . .     Gourm    .   (shield unavailable)
rNeg     . . .     Faith    .   (armour unavailable)
rPois    .         Spirit   .   (helmet unavailable)
rElec    .         Reflect  .   (cloak unavailable)
rCorr    .         Harm     .   (gloves unavailable)
MR       .....                  (boots unavailable)
Stlth    +++.......             (no amulet)
HPRegen  0.05/turn              (no ring)
MPRegen  0.09/turn              (no ring)

@: quick
A: very small, no armour, no weapons or thrown items, stealth, claws 1, fangs 3,
see invisible, carnivore, speed 1, shaggy fur 1, slow metabolism 1, sharp paws
a: no special abilities


You were on level 2 of the Dungeon.
You were very full.

You visited 1 branch of the dungeon, and saw 2 of its levels.

You collected 84 gold pieces.

Inventory:

Jewellery
 c - an uncursed amulet of guardian spirit {unknown}
 h - an uncursed amulet of regeneration {unknown}
Scrolls
 d - a scroll of teleportation {unknown}
 e - 2 scrolls of identify {unknown}
 g - 2 scrolls of remove curse {unknown}
Potions
 a - 2 potions of might
 f - 2 potions of mutation {unknown}
Comestibles
 b - a ration


   Skills:
 + Level 3.5 Fighting
 + Level 4.7 Dodging
 + Level 2.2 Stealth
 + Level 4.4 Unarmed Combat


You had 2 spell levels left.
You didn't know any spells.

Dungeon Overview and Level Annotations

Branches:
Dungeon (2/15)

Altars:
Uskayaw


Innate Abilities, Weirdness & Mutations

You cannot wear armour.
You are incapable of wielding weapons or throwing items.
Your paws allow you to move quietly. (Stealth)
You have sharp claws.
You have razor-sharp teeth.
You have supernaturally acute eyesight. (SInv)
You are carnivorous and can eat meat at any time.
You cover ground quickly.
You are covered in fur. (AC +1)
You have a slow metabolism.
Your sharp claws are effective at attacking unaware monsters.


Message History

The gnoll is almost dead.
You barely miss the gnoll. You barely miss the gnoll. The bat misses you.
The gnoll hits you.
You are too injured to fight recklessly!
You are too injured to fight recklessly!
You are too injured to fight recklessly!
You are too injured to fight recklessly!
You closely miss the bat. The bat completely misses you.
The bat barely misses you. The bat closely misses you.
You scratch the bat.
You kill the bat!
You scratch the gnoll but do no damage. The gnoll misses you.
You claw the gnoll!
The gnoll is severely wounded.
The gnoll hits you.
* * * LOW HITPOINT WARNING * * *
You scratch the gnoll but do no damage.
The gnoll is heavily wounded.
The gnoll hits you.
You die...

##.#.###.........#
...#..##.......#.#
.####.##.......#.#
.####.#..)##...#.#
.#......####.#.#.#####
.#.....## #..#.....<..
.#.....####.......##
.#.......(..###....#
...(...####.# ##@#.#
.........#..####g# #
.....รท.....##.gr.# #
..............g####r...
.#.##.......#.r.gr.....
.)....#.....#.#####..#.
...###........#((.#.##
.......#....#.#...#.#
..#...........#####.#


You could see 2 gnolls and 2 rats.

Vanquished Creatures
  A gnoll (D:2)
  An adder (D:2)
  An ooze (D:2)
  A worm (D:2)
  A dart slug (D:2)
  A leopard gecko (D:2)
  A giant cockroach (D:1)
  11 goblins
  2 hobgoblins (D:1)
  3 quokkas (D:2)
  7 bats
  4 frilled lizards (D:2)
  A kobold (D:2)
  A rat (D:2)
36 creatures vanquished.

Notes
Turn   | Place    | Note
-------+----------+-------------------------------------------
     0 | D:1      | tester123 the Felid Fighter began the quest for the Orb.
     0 | D:1      | Reached XP level 1. HP: 10/10 MP: 2/2
     6 | D:1      | Noticed an electric eel
   156 | D:1      | Reached skill level 1 in Stealth
   156 | D:1      | Reached XP level 2. HP: 4/14 MP: 3/3
   694 | D:2      | Reached XP level 3. HP: 11/17 MP: 4/4
   862 | D:2      | Found a hide-covered altar of Uskayaw.
   862 | D:2      | Noticed a dagger
   862 | D:2      | Noticed a hand axe
   885 | D:2      | Slain by a gnoll

Skill      XL: |  1  2  3 |
---------------+----------+-----
Stealth        | 1 2 |  2.2
Fighting       | |  3.5
Dodging        | |  4.7
Unarmed Combat | |  4.4

Action                   || total
-------------------------++-------
Melee: Unarmed           ||    80
       Bite              ||     4
       Punch             ||     3
 Stab: Sleeping          ||     5
  Eat: Chunk             ||     6
Armor: Skin              ||     4
Dodge: Dodged            ||    59
